 Dungeon Crawl Stone Soup version 0.24-a0-459-g225fefd530 (webtiles) character file.

Game seed: 18428836515081410314

4953 vurker the Geomancer (level 10, -4/64 HPs)
             Began as a Gargoyle Earth Elementalist on June 28, 2019.
             Was a Believer of Vehumet.
             Killed from afar by a gargoyle (15 damage)
             ... with a stone arrow
             ... on level 10 of the Dungeon.
             The game lasted 00:24:26 (11864 turns).

vurker the Geomancer (Gargoyle Earth Elementalist) Turns: 11864, Time: 00:24:26

Health: -4/64      AC: 17    Str: 10    XL:     10   Next: 53%
Magic:  1/20       EV: 12    Int: 19    God:    Vehumet [**....]
Gold:   328        SH:  0    Dex: 10    Spells: 11/22 levels left

rFire    + . .     SeeInvis +   v - +2 mace of the Mind {drain, rPois SInv}
rCold    + . .     Gourm    .   (no shield)
rNeg     + . .     Faith    .   c - +1 robe
rPois    ∞         Spirit   .   (no helmet)
rElec    +         Reflect  .   (no cloak)
rCorr    +         Harm     .   q - +0 pair of gloves of Amisuih Wevi {+Fly rCorr}
MR       .....                  (no boots)
Stlth    ++........             (no amulet)
HPRegen  0.20/turn              o - ring of protection from cold
MPRegen  0.17/turn              i - +6 ring of protection

@: no status effects
A: fire resistance 1, negative energy resistance 1, electricity resistance, weak
1, unbreathing, petrification resistance, rot immunity, AC +7
a: Renounce Religion, Evoke Flight


You were on level 10 of the Dungeon.
You worshipped Vehumet.
Vehumet was pleased with you.
You were not hungry.

You visited 2 branches of the dungeon, and saw 11 of its levels.

You collected 641 gold pieces.
You spent 313 gold pieces at shops.

Inventory:

Hand Weapons
 u - the +0 short sword "Aparime" {venom, MR+ Dex+2 SInv}
   (You found it on level 10 of the Dungeon)

   It poisons the flesh of those it strikes.
   It affects your dexterity (+2).
   It affects your resistance to hostile enchantments.
   It lets you see invisible.
 v - the +2 mace of the Mind (weapon) {drain, rPois SInv}
   (You found it on level 7 of the Dungeon)

   A truly terrible weapon, it drains the life of those it strikes.
   It protects you from poison.
   It lets you see invisible.
Missiles
 d - 58 stones (quivered)
Armour
 c - a +1 robe (worn)
 j - a +0 shield
   (You found it on level 9 of the Dungeon)
 q - the +0 pair of gloves of Amisuih Wevi (worn) {+Fly rCorr}
   (You bought it in a shop on level 7 of the Dungeon)

   It lets you fly.
   It provides partial protection from all sources of acid and corrosion.
 r - a +0 cloak
   (You took it off Crazy Yiuf on level 7 of the Dungeon)
Jewellery
 f - a +3 ring of evasion
   (You found it on level 1 of the Dungeon)
 i - a +6 ring of protection (right hand)
   (You found it on level 2 of the Dungeon)
 o - a ring of protection from cold (left hand)
   (You found it on level 5 of the Dungeon)
Wands
 k - a wand of scattershot (3)
   (You found it on level 5 of the Dungeon)
 t - a wand of flame (14)
   (You took it off Grum on level 9 of the Dungeon)
Scrolls
 a - 4 scrolls of identify {@r1}
 g - 3 scrolls of teleportation {@r4}
 h - 6 scrolls of remove curse {@r2}
 p - a scroll of enchant armour
 y - a scroll of silence
Potions
 b - a potion of flight
 l - 2 potions of haste {@q3}
 m - 2 potions of magic
 n - a potion of agility
 s - 2 potions of mutation {!q}
 w - a potion of brilliance
 x - a potion of curing {@q1}
Comestibles
 e - 17 rations {!d}
 z - 4 chunks of flesh


   Skills:
 + Level 7.8 Fighting
 - Level 1.5 Dodging
 - Level 2.1 Stealth
 + Level 6.9 Spellcasting
 - Level 5.0 Conjurations
 - Level 0.7 Transmutations
 * Level 12.4 Earth Magic


You had 11 spell levels left.
You knew the following spells:

 Your Spells              Type           Power        Failure   Level  Hunger
a - Sandblast             Erth           ######       1%          1    None
b - Stone Arrow           Conj/Erth      #####.       1%          3    #......
q - Passwall              Tmut/Erth      ####....     1%          2    None
z - Lee's Rapid Deconstr  Erth           ######....   1%          5    #####..

Your spell library contained the following spells:

 Spells                   Type           Power        Failure   Level  Hunger
 Flame Tongue             Conj/Fire      ###..        3%          1    None
 Magic Dart               Conj           ####         1%          1    None
 Searing Ray              Conj           ####..       1%          2    None
 Petrify                  Tmut/Erth      ####....     7%          4    ###....
 Dazzling Spray           Conj/Hex       ###...       11%         3    #......
 Iskenderun's Mystic Bla  Conj           ####....     13%         4    ###....
 Force Lance              Conj/Tloc      ###.....     34%         4    ###....
 Fulminant Prism          Conj/Hex       ###.......   34%         4    ###....


Dungeon Overview and Level Annotations

Branches:
Dungeon (10/15)            Temple (1/1) D:6
   Lair: D:8-11         Orc: D:9-12

Altars:
Ashenzari
Cheibriados
Dithmenos
Elyvilon
Fedhas
Gozag
Hepliaklqana
Kikubaaqudgha
Makhleb
Nemelex Xobeh
Okawaru
Qazlal
Ru
Sif Muna
Trog
Uskayaw
Vehumet
Wu Jian
Xom
Yredelemnul
Zin
The Shining One

Shops:
D:7 [   D:8 *

Portals:
Trove: D:10 (give 14 scrolls of teleportation)


Innate Abilities, Weirdness & Mutations

You are resistant to torment.
Your stone body is resilient. (AC +7)
You are immune to poison.
You resist negative energy. (rN+)
You are resistant to electric shocks. (rElec)
You can survive without breathing.
You are immune to petrification.
You are immune to rotting.
Your flesh is heat resistant. (rF+)
You are weak. (Str -2)


Message History

Aim: a gargoyle, wielding a +0 flail (severely damaged)
The blast of sand misses the gargoyle.
d - 62 stones The gargoyle hurls a stone arrow at you.
The stone arrow misses you.
Aim: a gargoyle, wielding a +0 flail (heavily damaged)
The blast of sand hits the gargoyle but does no damage.
d - 61 stones The gargoyle hits you but does no damage.
Aim: a gargoyle, wielding a +0 flail (heavily damaged)
The blast of sand hits the gargoyle but does no damage.
d - 60 stones The gargoyle barely misses you.
Aim: a gargoyle, wielding a +0 flail (heavily damaged)
The blast of sand hits the gargoyle.
d - 59 stones You don't have enough magic to cast that spell.
The gargoyle hurls a stone arrow at you.
The stone arrow misses you.
Aim: a gargoyle, wielding a +0 flail (severely damaged)
The burst of metal fragments hits the gargoyle but does no damage. x4
The gargoyle hurls a stone arrow at you.
The stone arrow misses you.
Okay, then.
Aim: a gargoyle, wielding a +0 flail (severely damaged)
The blast of sand hits the gargoyle but does no damage.
d - 58 stones The gargoyle hurls a stone arrow at you.
The stone arrow hits you!
The gargoyle hurls a stone arrow at you.
The stone arrow misses you.
You completely miss the gargoyle.
The gargoyle hurls a stone arrow at you.
The stone arrow hits you.
* * * LOW HITPOINT WARNING * * *
The gargoyle closely misses you.
You hit the gargoyle but do no damage.
The gargoyle hurls a stone arrow at you.
The stone arrow hits you!
* * * LOW HITPOINT WARNING * * *
Okay, then.
You hit the gargoyle but do no damage.
The gargoyle hits you but does no damage.
You hit the gargoyle but do no damage.
The gargoyle hurls a stone arrow at you.
The stone arrow hits you!
* * * LOW HITPOINT WARNING * * *
The gargoyle hurls a stone arrow at you.
The stone arrow hits you!
You die...

...# #........# .(.#
#........# ...# #.........
...# #.......
...##########....#
.............).).#
............<....#
...........#####9#
........>..# #@# ..#######..#
#.####### ..# #..# #........
..# #..# #........ ..# #..#
#........ ..#######.)#
#.....).).....
...........#####.............
.........)..................#
..######'###................#


You could see a gargoyle.

Vanquished Creatures
  A hippogriff (D:8)
  Grum (D:9)
  2 soldier ants
  Edmund (D:6)
  2 water moccasins
  A black bear (D:8)
  5 orc warriors
  An ice beast (D:5)
  2 phantoms
  3 ogres
  A necrophage (D:8)
  2 wolves
  3 centaurs
  A crocodile (D:7)
  Blork the orc (D:6)
  2 bullfrogs
  A gnoll sergeant (D:6)
  2 scorpions
  3 killer bees (D:8)
  4 wights (D:7)
  2 howler monkeys (D:9)
  7 crimson imps
  A centaur zombie (D:9)
  A bullfrog zombie (D:5)
  3 hounds
  A jelly (D:5)
  12 orc priests
  Crazy Yiuf (D:7)
  11 orc wizards
  2 iguanas
  5 worker ants
  2 hound skeletons
  2 worker ant zombies
  11 gnolls
  13 adders
  A shadow imp (D:6)
  3 oozes (D:3)
  An adder skeleton (D:7)
  An adder zombie (D:7)
  6 worms
  A dart slug (D:1)
  4 leopard geckos
  44 orcs
  7 giant cockroaches
  7 goblins
  4 hobgoblins
  4 jackals (D:3)
  8 kobolds
  3 quokkas
  A ball python skeleton (D:4)
  7 bats
  4 frilled lizards
  A leopard gecko skeleton (D:8)
  A quokka zombie (D:8)
  6 rats
227 creatures vanquished.

Notes
Turn   | Place    | Note
-------+----------+-------------------------------------------
     0 | D:1      | vurker the Gargoyle Earth Elementalist began the quest for
                  | the Orb.
     0 | D:1      | Reached XP level 1. HP: 10/10 MP: 3/3
   456 | D:1      | Reached XP level 2. HP: 16/16 MP: 3/5
   480 | D:1      | Reached skill level 4 in Earth Magic
   484 | D:1      | Learned a level 2 spell: Passwall
   649 | D:1      | Reached skill level 1 in Fighting
  1234 | D:2      | Reached XP level 3. HP: 16/20 MP: 1/6
  1332 | D:2      | Learned a level 3 spell: Stone Arrow
  1613 | D:2      | Found a faded altar of an unknown god.
  1685 | D:2      | Reached XP level 4. HP: 26/26 MP: 1/7
  1717 | D:2      | Reached skill level 5 in Earth Magic
  1805 | D:2      | Noticed an ogre
  1809 | D:2      | Killed an ogre
  1809 | D:2      | Reached XP level 5. HP: 31/31 MP: 4/9
  2151 | D:3      | Reached skill level 6 in Earth Magic
  2156 | D:3      | Reached XP level 6. HP: 35/36 MP: 2/10
  2175 | D:3      | Learned a level 5 spell: Lee's Rapid Deconstruction
  2740 | D:3      | Found a hide-covered altar of Uskayaw.
  3369 | D:4      | Noticed a phantom
  3525 | D:4      | Killed a phantom
  3525 | D:4      | Reached skill level 7 in Earth Magic
  3525 | D:4      | Reached XP level 7. HP: 29/41 MP: 2/12
  4036 | D:4      | Reached skill level 1 in Conjurations
  4445 | D:5      | Entered Level 5 of the Dungeon
  4459 | D:5      | Found a snail-covered altar of Cheibriados.
  4460 | D:5      | Found a basalt altar of Yredelemnul.
  4903 | D:5      | Reached XP level 8. HP: 48/48 MP: 14/14
  4942 | D:5      | Reached skill level 8 in Earth Magic
  5310 | D:6      | Noticed Blork the orc
  5316 | D:6      | Killed Blork the orc
  5470 | D:6      | Found a shadowy altar of Dithmenos.
  5829 | D:6      | Reached skill level 5 in Fighting
  5942 | D:6      | Found a burning altar of Makhleb.
  5944 | D:6      | Found an iron altar of Okawaru.
  5985 | D:6      | Found a staircase to the Ecumenical Temple.
  5999 | Temple   | Entered the Ecumenical Temple
  6137 | Temple   | Became a worshipper of Vehumet
  6161 | D:6      | Reached skill level 9 in Earth Magic
  6495 | D:6      | Found a shadowy altar of Dithmenos.
  6553 | D:6      | Gained mutation: You are weak. (Str -2) [potion of
                  | mutation]
  6553 | D:6      | Gained mutation: Your flesh is heat resistant. (rF+)
                  | [potion of mutation]
  6561 | D:6      | Reached skill level 5 in Conjurations
  6561 | D:6      | Reached XP level 9. HP: 21/54 MP: 9/16
  6863 | D:6      | Noticed Edmund
  6875 | D:6      | Killed Edmund
  6875 | D:6      | Reached skill level 5 in Spellcasting
  7507 | D:7      | Reached skill level 10 in Earth Magic
  7562 | D:7      | Found Lauczu's Antique Armour Emporium.
  7569 | D:7      | Bought a pair of slimy gloves for 313 gold pieces
  7579 | D:7      | Identified the +0 pair of gloves of Amisuih Wevi {+Fly
                  | rCorr} (You bought it in a shop on level 7 of the Dungeon)
  7880 | D:7      | Reached * piety under Vehumet
  7880 | D:7      | Offered knowledge of Sting by Vehumet.
  8046 | D:7      | Found a runed translucent door.
  8047 | D:7      | Noticed Crazy Yiuf
  8052 | D:7      | Killed Crazy Yiuf
  8060 | D:7      | Got an iridescent mace
  8061 | D:7      | Identified the cursed +2 mace of the Mind {drain, rPois
                  | SInv} (You found it on level 7 of the Dungeon)
  8664 | D:8      | Reached skill level 11 in Earth Magic
  8987 | D:8      | Reached XP level 10. HP: 61/61 MP: 9/19
  9066 | D:8      | Offered knowledge of Flame Tongue by Vehumet.
  9126 | D:8      | Reached ** piety under Vehumet
  9196 | D:8      | Found Merraol's Assorted Antiques.
  9271 | D:8      | Identified a scroll of acquirement
  9855 | D:9      | Noticed Grum
  9899 | D:8      | Reached skill level 12 in Earth Magic
  9955 | D:9      | Killed Grum
 10344 | D:9      | Found a sacrificial altar of Ru.
 11240 | D:10     | Entered Level 10 of the Dungeon
 11674 | D:10     | Found a portal to a secret trove of treasure.
 11709 | D:10     | Got a crude short sword
 11711 | D:10     | Identified the cursed +0 short sword "Aparime" {venom, MR+
                  | Dex+2 SInv} (You found it on level 10 of the Dungeon)
 11836 | D:10     | Noticed a gargoyle
 11864 | D:10     | Killed from afar by a gargoyle

Levels and vault maps discovered:
D:1:      minmay_arrival_radiant_lines, layout_basic
D:2:      layout_rooms, first_ration, chequers_ecumenical_altar_simple_redux
D:3:      layout_basic, eat_drink_and_be_merry_uskayaw
D:4:      layout_basic, minmay_misc_feat_enclosed
D:5:      layout_gridville, gammafunk_temple_overflow_statue
D:6:      layout_loops_cross, chequers_temple_overflow_statue_of_worship,
          minmay_temple_entry_large_hall, basic_altar,
          grunt_dithmenos_smoke_and_mirrors, uniq_blork_the_orc, uniq_edmund
D:7:      layout_loops_corners, serial_shops, nicolae_shop_overgrown_old_shop,
          uniq_crazy_yiuf_cottage
D:8:      layout_loops_ring, serial_shops, shop, hangedman_pestilent_swarm
D:9:      layout_long_grid, nicolae_ru_sacrificial_ziggurat, uniq_grum
D:10:     layout_irregular_city, david_orc_3, nicolae_trove_entry_crossroad,
          minmay_misc_feat_rugged, minmay_misc_feat_hallway,
          kennysheep_generic_room_15, uniq_fannar
Temple:   eino_temple_rhombus

Skill      XL: |  1  2  3  4  5  6  7  8  9 10 |
---------------+-------------------------------+-----
Earth Magic    | 4 5 6 7 9 11 12 | 12.4
Fighting       | 1 2 3 4 5 6 7 |  7.8
Spellcasting   | 3 4 6 |  6.9
Conjurations   | 2 5 |  5.0
Dodging        | |  1.5
Stealth        | |  2.1
Transmutations | |  0.7

Action                   |  1- 3 |  4- 6 |  7- 9 | 10-12 || total
-------------------------+-------+-------+-------+-------++-------
Melee: Unarmed           |     9 |       |       |       ||     9
       Dagger            |    39 |   180 |   200 |       ||   419
       Mace              |       |       |    41 |   124 ||   165
       Short sword       |       |       |       |    43 ||    43
 Cast: Sandblast         |    30 |    34 |   149 |    32 ||   245
       Stone Arrow       |       |     8 |    34 |    50 ||    92
Evoke: Wand              |       |       |       |     1 ||     1
  Use: Scroll            |       |     6 |     7 |     6 ||    19
       Potion            |       |       |     4 |       ||     4
 Stab: Sleeping          |     2 |     2 |     1 |       ||     5
  Eat: Ration            |     1 |     1 |     2 |     1 ||     5
       Chunk             |       |     4 |    11 |     8 ||    23
Armor: Robe              |    19 |    70 |   117 |   123 ||   329
       Skin              |       |       |     1 |       ||     1
Dodge: Dodged            |    52 |   137 |   194 |   151 ||   534

Table legend:
 A = Non-vault XP
 B = Vault XP
 C = Vault XP percentage of total XP
 D = Non-vault monster count
 E = Vault monster count
 F = Vault count percentage of total count
                 A         B        C        D         E       F
            +---------+---------+-------+---------+---------+-------
      Total |    5910 |    1166 |  16.5 |     212 |      15 |   6.6
            +---------+---------+-------+---------+---------+-------
        D:1 |      30 |       0 |   0.0 |      18 |       0 |   0.0
        D:2 |     224 |       0 |   0.0 |      20 |       0 |   0.0
        D:3 |     280 |       0 |   0.0 |      32 |       0 |   0.0
        D:4 |     364 |       0 |   0.0 |      15 |       0 |   0.0
        D:5 |     384 |       0 |   0.0 |      11 |       0 |   0.0
        D:6 |    1012 |     261 |  20.5 |      25 |       2 |   7.4
        D:7 |    1027 |     205 |  16.6 |      32 |       2 |   5.9
        D:8 |    1876 |     282 |  13.1 |      34 |       4 |  10.5
        D:9 |     317 |     326 |  50.7 |      15 |       2 |  11.8
       D:10 |     396 |      92 |  18.9 |      10 |       5 |  33.3
            +---------+---------+-------+---------+---------+-------
